 Dungeon Crawl Stone Soup version 0.21.0-3-g78d12a8 (webtiles) character file.

403 Firecrotchwizard the Chopper (level 6, 0/56 HPs)
             Began as a Hill Orc Fighter on Jan 15, 2018.
             Slain by an orc
             ... wielding a +0 trident
              (4 damage)
             ... on level 5 of the Dungeon.
             The game lasted 00:07:15 (3850 turns).

Firecrotchwizard the Chopper (Hill Orc Fighter)     Turns: 3850, Time: 00:07:16

Health: 0/56       AC:  7    Str: 19    XL:     6   Next: 86%
Magic:  6/6        EV:  9    Int:  8    God:
Gold:   153        SH: 11    Dex: 12    Spells: 5/5 levels left

rFire    + . .     SeeInvis .   a - +0 war axe
rCold    . . .     Gourm    .   h - +2 buckler
rNeg     + . .     Faith    .   b - +0 scale mail
rPois    .         Spirit   .   (no helmet)
rElec    .         Reflect  +   (no cloak)
rCorr    .         Harm     .   (no gloves)
MR       .....                  (no boots)
Stlth    ..........             p - +4 amulet of reflection
HPRegen  0.18/turn              n - ring of positive energy {rN+}
MPRegen  0.10/turn              j - ring of protection from fire {rF+, !d}

@: lethally poisoned (0 -> -5)
A: no striking features
a: no special abilities


You were on level 5 of the Dungeon.
You were not hungry.

You visited 1 branch of the dungeon, and saw 5 of its levels.

You collected 153 gold pieces.

Inventory:

Hand Weapons
 a - a +0 war axe (weapon)
 q - a +1 mace of protection
   (You took it off an orc on level 3 of the Dungeon)
Armour
 b - a +0 scale mail (worn)
 c - a +0 shield
 h - a +2 buckler (worn)
   (You found it on level 1 of the Dungeon)
Jewellery
 j - a ring of protection from fire (right hand) {rF+, !d}
   (You found it on level 1 of the Dungeon)
 n - a ring of positive energy (left hand) {rN+}
   (You found it on level 3 of the Dungeon)
 p - a +4 amulet of reflection (around neck)
   (You found it on level 5 of the Dungeon)
Scrolls
 e - 2 scrolls of remove curse
 k - 2 scrolls of teleportation
 l - 3 scrolls of identify
Potions
 d - a potion of might
 i - a potion of magic {unknown}
 m - a potion of brilliance {unknown}
 o - 3 potions of curing
 r - a potion of ambrosia {unknown}
 s - a potion of flight {unknown}
 v - a potion of heal wounds {unknown}
Books
 t - a book of Cantrips
   (You found it on level 4 of the Dungeon)
Comestibles
 f - 10 rations {@e1}


   Skills:
 + Level 5.1 Fighting
 * Level 6.2 Axes
 + Level 4.6 Armour
 + Level 4.7 Shields


You had 5 spell levels left.
You didn't know any spells.

Dungeon Overview and Level Annotations

Branches:
Dungeon (5/15)             Temple (0/1) D:5

Altars:

Shops:
D:4 %

Annotations:
D:4 Bionic's ghost, novice MfGl


Message History

An orc comes into view. It is wielding a trident.
You take 5 damage, and have 40/56 hp.
You hit the orc priest but do no damage.
The orc priest looks braver for a moment.
The crimson imp blinks!
Your scale mail prevents you from hitting the orc priest.
You miss the crimson imp. The orc priest hits you with a whip.
The crimson imp blinks!
You take 2 damage, and have 38/56 hp.
You hit the orc priest. You closely miss the crimson imp.
The orc priest shouts, "Beogh is our master!
Accept the truth or die!"
You block the crimson imp's attack. The orc priest closely misses you.
You hit the orc priest but do no damage.
You closely miss the crimson imp. You block the crimson imp's attack.
You block the orc priest's attack. The orc priest barely misses you.
The crimson imp summons a swarm of flies.
The crimson imp barely misses you.
You hit the orc priest but do no damage.
You closely miss the crimson imp.
The crimson imp blinks!
You block the orc priest's attack.
You hit the orc priest but do no damage.
You block the orc priest's attack.
You barely miss the orc priest.
The orc priest shouts, "Surrender to Beogh and we'll let you live!"
The crimson imp blinks!
You block the orc priest's attack.
The orc priest shouts, "Join the one true god or die!"
You hit the orc priest but do no damage.
You block the orc priest's attack.
Your scale mail prevents you from hitting the orc priest.
The orc priest calls down the wrath of Beogh upon you.
Pain shoots through your body!
The crimson imp blinks!
You block the orc priest's attack.
You take 2 damage, and have 38/56 hp.
You slash the orc priest!
You kill the orc priest!
Your life force feels restored.
You hit the crimson imp. The crimson imp completely misses you.
You barely miss the worker ant. You miss the crimson imp.
The worker ant bites you.
You are poisoned.
The worker ant poisons you! The crimson imp closely misses you.
You block the orc's attack. The worker ant bites you.
You are more poisoned.
The worker ant poisons you!
You take 4 damage, and have 34/56 hp.
You hit the worker ant but do no damage.
You hit the crimson imp but do no damage.
You feel sick. You block the crimson imp's attack.
You block the worker ant's attack. The orc hits you but does no damage.
You take 2 damage, and have 32/56 hp.
You slash the worker ant! You hit the crimson imp.
You feel sick.
The crimson imp blinks!
The worker ant waves its antennae.
The worker ant bites you.
You are more poisoned.
The worker ant poisons you! You block the orc's attack.
You take 1 damage, and have 31/56 hp.
You hit the worker ant.
You feel sick. The worker ant closely misses you.
The orc hits you but does no damage.
The worker ant bites you but does no damage.
You take 1 damage, and have 30/56 hp.
You barely miss the worker ant.
You feel sick. The worker ant bites you. You block the orc's attack.
You take 4 damage, and have 26/56 hp.
You barely miss the worker ant.
You feel sick. You block the worker ant's attack. You block the orc's attack.
The worker ant bites you but does no damage.
You take 2 damage, and have 24/56 hp.
You closely miss the worker ant.
You feel sick. The orc closely misses you. The worker ant bites you.
You take 5 damage, and have 19/56 hp.
You hit the worker ant but do no damage.
You feel sick.
The crimson imp blinks!
You block the worker ant's attack. You block the orc's attack.
You closely miss the worker ant.
You feel sick. The worker ant bites you. The orc barely misses you.
The worker ant bites you but does no damage.
You take 2 damage, and have 17/56 hp.
You barely miss the worker ant.
You feel sick. The orc closely misses you. You block the worker ant's attack.
You take 2 damage, and have 15/56 hp.
You closely miss the worker ant.
You feel sick. The worker ant barely misses you. You block the orc's attack.
The worker ant closely misses you.
You take 1 damage, and have 14/56 hp.
You closely miss the worker ant.
You feel sick. The orc hits you but does no damage.
The worker ant bites you but does no damage.
You hit the worker ant but do no damage.
The orc hits you from afar with a trident.
* * * LOW HITPOINT WARNING * * *
The worker ant bites you but does no damage.
You take 3 damage, and have 11/56 hp.
You slash the worker ant!
You kill the worker ant!
You feel sick.
The orc hits you from afar with a trident.
* * * LOW HITPOINT WARNING * * *
The orc hits you from afar with a trident.
You die...

#.#.##.#
*,,,,,*,*,**,*,,,,,,,,,
.......#
*,,,,,*,*,*,,,,,,,,,,,,
..#.##.#
*,,,,,*,*,*,**,,,,,,,,,
.......#
*,,,,,,,*,,,,,,,,,**,*,
..#.##.#
***********,*,,,,,**,*,
..#.##.# *,*,*,,,**,*,
..#.##.# *,*,*,,,**,*,
.......######
#######..>,,,,**,*,
###)#.......#
#)@)o5.#*,***,**,*,
#.#.#####.# #.####.#*,*
*,,,,,,
#......##(###.##..o.,,*
*,,,≈≈≈
###.##..........o#,****
*,,≈≈≈≈
#.#####.###.####,*
*,≈≈≈≈≈ #.#####.#
#...,,,* *,≈≈≈>≈
#>......# #####***
*,≈≈≈≈≈ #########
*,,≈≈≈≈ *,,,≈≈≈


You could see a crimson imp and an orc.

Vanquished Creatures
  An ice beast (D:5)
  A hound (D:5)
  An orc wizard (D:5)
  An orc priest (D:5)
  A worker ant (D:5)
  7 gnolls
  2 adders
  2 worms
  6 dart slugs
  4 leopard geckos
  12 orcs
  4 giant cockroaches
  12 goblins
  7 hobgoblins
  3 quokkas (D:3)
  4 ball pythons
  5 bats
  3 frilled lizards
  5 kobolds
  8 rats
89 creatures vanquished.

Notes
Turn   | Place    | Note
-------+----------+-------------------------------------------
     0 | D:1      | Firecrotchwizard the Hill Orc Fighter began the quest for the Orb.
     0 | D:1      | Reached XP level 1. HP: 19/19 MP: 1/1
    66 | D:1      | Reached skill level 3 in Axes
    84 | D:1      | Reached XP level 2. HP: 27/27 MP: 2/2
   259 | D:1      | Reached XP level 3. HP: 21/33 MP: 3/3
   524 | D:1      | Reached skill level 4 in Fighting
  1109 | D:2      | Reached skill level 4 in Axes
  1186 | D:2      | Reached XP level 4. HP: 40/40 MP: 4/4
  2057 | D:3      | Reached skill level 4 in Armour
  2114 | D:3      | Reached skill level 4 in Shields
  2176 | D:3      | Reached XP level 5. HP: 46/47 MP: 5/5
  2756 | D:4      | Noticed Bionic's ghost (novice MfGl)
  2756 | D:4      | Noticed an ogre
  3018 | D:4      | Reached skill level 5 in Axes
  3200 | D:4      | HP: 9/47 [gnoll/flail (9)]
  3201 | D:4      | HP: 2/47 [gnoll/flail (7)]
  3541 | D:4      | Found Duemuph's Food Shop.
  3549 | D:4      | Noticed an ogre
  3579 | D:5      | Entered Level 5 of the Dungeon
  3584 | D:5      | Noticed an ice beast
  3593 | D:5      | Killed an ice beast
  3593 | D:5      | Reached XP level 6. HP: 41/55 MP: 6/6
  3823 | D:5      | Reached skill level 5 in Fighting
  3823 | D:5      | Reached skill level 6 in Axes
  3847 | D:5      | HP: 14/56 [poisoned by a worker ant]
  3850 | D:5      | HP: 4/56 [orc/trident (6)]
  3850 | D:5      | Slain by an orc

Skill      XL: |  1  2  3  4  5  6 |
---------------+-------------------+-----
Axes           | 3 4 5 6 |  6.2
Fighting       | 4 5 |  5.1
Armour         | 4 |  4.6
Shields        | 4 |  4.7

Action                   |  1- 3 |  4- 6 || total
-------------------------+-------+-------++-------
Melee: War axe           |   110 |   179 ||   289
  Use: Scroll            |       |     6 ||     6
       Potion            |       |     1 ||     1
  Eat: Chunk             |     1 |     9 ||    10
Armor: Scale mail        |    48 |    65 ||   113
Dodge: Dodged            |    38 |    65 ||   103
Block: Shield            |    69 |    41 ||   110
       Buckler           |       |    44 ||    44

Vault maps used:
D:1:      minmay_arrival_radiant_lines
D:2:      first_ration
D:3:      serial_bayou_pond_a
D:4:      serial_shops, nicolae_shop_waterfront
D:5:      minmay_temple_entry_mist, minivault_23, uniq_pikel, uniq_sigmund

Table legend:
 A = Turns spent in this place as a percentage of turns spent in the entire game.
 B = Non-inter-level travel turns spent in this place as a percentage of non-inter-level travel turns spent in the entire game.
 C = Inter-level travel turns spent in this place as a percentage of turns spent in this place.
 D = Turns resting spent in this place as a percentage of non-inter-level travel turns spent in this place.
 E = Turns spent auto-exploring this place as a percentage of non-inter-level travel turns spent in this place.
 F = Non-inter-level travel turns spent in this place divided by the number of levels of this place that you've seen.
                   A       B       C       D       E      F
               +-------+-------+-------+-------+-------+----------------------
         Total | 100.0 | 100.0 |   1.7 |  27.1 |  55.2 | 756.8
       Dungeon | 100.0 | 100.0 |   1.7 |  27.1 |  55.2 | 756.8
               +-------+-------+-------+-------+-------+----------------------

Table legend:
 A = Kills in this place as a percentage of kills in entire the game.
 B = Kills by you in this place as a percentage of kills by you in the entire game.
 C = Kills by friends in this place as a percentage of kills by friends in the entire game.
 D = Other kills in this place as a percentage of other kills in the entire game.
 E = Experience gained in this place as a percentage of experience gained in the entire game.
 F = Experience gained in this place divided by the number of levels of this place that you have seen.
                   A       B       C       D       E      F
               +-------+-------+-------+-------+-------+----------------------
         Total | 100.0 | 100.0 |   N/A |   N/A | 100.0 | 115.2
       Dungeon | 100.0 | 100.0 |   N/A |   N/A | 100.0 | 115.2
               +-------+-------+-------+-------+-------+----------------------
